 Dungeon Crawl Stone Soup version 0.31-a0-229-g1fc7ce93e2 (webtiles) character file.

Game seed: 13722653341139450640

1427 qw the Skirmisher (level 8, -5/60 HPs)
             Began as a Gargoyle Hexslinger on July 6, 2023.
             Was an Initiate of Okawaru.
             Killed from afar by Maggie (6 damage)
             ... with a bolt of fire
             ... on level 6 of the Dungeon.
             The game lasted 00:02:42 (5416 turns).

qw the Skirmisher (Gargoyle Hexslinger)             Turns: 5416, Time: 00:02:42

Health: -5/60      AC: 12    Str: 11      XL:     8   Next: 72%
Magic:  9/9        EV: 15    Int: 14 (15) God:    Okawaru [......]
Gold:   316        SH:  0    Dex: 12 (14) Spells: 8/9 levels left

rFire   + . .        Y - +0 shortbow
rCold   + . .        (shield currently unavailable)
rNeg    + + .        f - +0 ring mail
rPois   inf          c - +0 helmet
rElec   +            b - scarf {rC+ rF+}
rCorr   .            (no gloves)
SInv    .            i - +2 pair of boots
Will    .....        (no amulet)
Stlth   +            n - +5 ring of evasion
HPRegen 0.30/turn    e - ring of positive energy
MPRegen 0.11/turn

%: no passive effects
@: mesmerised
A: sickness immunity, AC +5, negative energy resistance 1, electricity
resistance, torment resistance 1, petrification resistance, deformed body,
robust 2
a: Renounce Religion


You were on level 6 of the Dungeon.
You worshipped Okawaru.
Okawaru was noncommittal.
You visited 2 branches of the dungeon, and saw 7 of its levels.

You collected 316 gold pieces.


Innate Abilities, Weirdness & Mutations

You are immune to sickness and miasma.
Your stone body is resilient. (AC +5)
You are immune to poison.
You resist negative energy. (rN+)
You are resistant to electric shocks. (rElec)
You are resistant to unholy torment.
You are immune to petrification.
Armour fits poorly on your strangely shaped body.
You are very robust. (+20% HP)


   Skills:
 + Level 5.4 Fighting
 - Level 9.0 Ranged Weapons
 - Level 2.6 Armour
 - Level 1.5 Dodging
 - Level 1.0 Spellcasting
 - Level 2.6 Hexes


You had 8 spell levels left.
You knew the following spells:

 Your Spells              Type           Power      Damage    Failure   Level
a - Slow                  Hex            32%        N/A       21%         1

Your spell library contained the following spells:

 Spells                   Type           Power      Damage    Failure   Level
 Inner Flame              Hex/Fire       4%         N/A       71%         3
 Portal Projectile        Hex/Tloc       8%         N/A       71%         3
 Cause Fear               Hex            4%         N/A       89%         4

Inventory:

Hand Weapons
 Y - a +0 shortbow (weapon)
Armour
 b - a scarf of resistance (worn)
 c - a +0 helmet (worn)
 f - a +0 ring mail (worn)
 i - a +2 pair of boots (worn)
 k - a +0 cloak
Jewellery
 e - a ring of positive energy (right hand)
 n - a +5 ring of evasion (left hand)
Scrolls
 a - a scroll of identify
Potions
 d - a potion of might
 h - 2 potions of curing
 l - a potion of brilliance {unknown}

Dungeon Overview and Level Annotations

Branches:
Dungeon (6/15)             Temple (1/1) D:5

Altars:
Ashenzari
Cheibriados
Dithmenos
Elyvilon
Fedhas
Gozag
Hepliaklqana
Kikubaaqudgha
Makhleb
Nemelex Xobeh
Okawaru
Qazlal
Ru
Sif Muna
Trog
Uskayaw
Vehumet
Wu Jian
Xom
Yredelemnul
Zin
The Shining One

Shops:
D:1 =

Annotations:
D:5 1 runed translucent door, qw's ghost, novice DEHu
D:6 Maggie


Message History

You shoot an arrow. The arrow hits Maggie.
Maggie is severely wounded.
Maggie mumbles some strange words.
Maggie draws you further into her thrall.
The worm bites you but does no damage. The worm bites you.
Maggie says, "How do the people who live here stand the isolation?"
Maggie hits you with a +0 morningstar of flaming!
Maggie burns you.
You shoot an arrow. The arrow hits Maggie.
Maggie is severely wounded.
Maggie casts a spell.
Maggie draws you further into her thrall.
You shoot an arrow. The arrow hits Maggie.
Maggie is almost dead.
The worm misses you. The worm closely misses you. Maggie barely misses you.
You shoot an arrow.
The arrow hits Maggie but does no damage.
Maggie is almost dead.
Maggie misses you. The worm closely misses you. The worm completely misses you.
You shoot an arrow. The arrow barely misses Maggie.
Maggie closely misses you. The worm closely misses you.
You shoot an arrow. The arrow hits Maggie.
Maggie is almost dead.
Maggie closely misses you. The worm completely misses you.
You shoot an arrow. The arrow hits Maggie.
Maggie is almost dead.
Maggie smiles, but it's obviously fake.
Maggie barely misses you. The worm bites you. The worm closely misses you.
You shoot an arrow.
The arrow hits Maggie but does no damage.
Maggie is almost dead.
Maggie casts a spell.
Maggie draws you further into her thrall.
The worm bites you but does no damage.
You shoot an arrow.
The arrow hits Maggie but does no damage.
Maggie is almost dead.
Maggie gestures at you while chanting. The bolt of fire hits you. You resist.
You die...

#. #.#.#.# #.# #.#.#.#
#.# #.#.#.# #.# #.#.#.#
####### #.# ..#.#.##
....... #.########.#...
.....:. #.#.!....#)####
......@###...##...#.....
......w@..)#<.#......##(
......w###)##.#..###.#..
....... #.##.#......###
#####.# #.##.#...##....
#. #.##.....##.##. #.
#.#..#.#....# #
#.####.###### #.. ... #.


You could see Maggie (mesmerising) and 2 worms.

Vanquished Creatures
  A wyvern (D:5)
  Eustachio (D:6)
  Menkaure (D:6)
  An ice beast (D:5)
  A black bear (D:4)
  2 phantoms (D:5)
  2 scorpions (D:4)
  3 hounds
  2 jellies
  4 sleepcaps
  A gnoll bouda (D:4)
  An iguana (D:4)
  2 orc wizards (D:6)
  7 adders
  A white imp (D:6)
  3 ufetubi
  2 worms
  3 dart slugs
  18 orcs
  2 ball pythons (D:2)
  4 bats
  6 endoplasms
  8 giant cockroaches
  10 goblins
  9 hobgoblins
  4 jackals (D:5)
  6 kobolds
  6 quokkas
  A frilled lizard (D:1)
  6 rats
118 creatures vanquished.

Notes
Turn   | Place    | Note
-------+----------+-------------------------------------------
     0 | D:1      | qw the Gargoyle Hexslinger began the quest for the Orb.
     0 | D:1      | Reached XP level 1. HP: 12/12 MP: 2/2
     0 | D:1      | 0 ||| qw: Version: 0.3-a-46-gb1f654a
     0 | D:1      | 0 ||| qw: Game counter: 1458
     0 | D:1      | 0 ||| qw: Melee chars always use a shield: true
     0 | D:1      | 0 ||| qw: God list: Okawaru
     0 | D:1      | 0 ||| qw: Allow faded altars: false
     0 | D:1      | 0 ||| qw: Do Orc after clearing Dungeon:15 true
     0 | D:1      | 0 ||| qw: Do second Lair branch before Depths: true
     0 | D:1      | 0 ||| qw: Lair rune preference: random
     0 | D:1      | 0 ||| qw: Goals: Normal
     0 | D:1      | 0 ||| PLANNING D:1-11
   135 | D:1      | Reached XP level 2. HP: 13/16 MP: 3/3
   342 | D:1      | Reached skill level 3 in Ranged Weapons
   363 | D:1      | Found Warghar's Jewellery Emporium.
   367 | D:1      | 367 ||| SHOPLISTING +4 ring of protection (468 gold, have
                  | 24).
   367 | D:1      | 367 ||| SHOPLISTING +6 ring of strength (468 gold, have
                  | 24).
   367 | D:1      | 367 ||| SHOPLISTING amulet of faith (520 gold, have 24).
   367 | D:1      | 367 ||| SHOPLISTING amulet of the Scavenger {Reflect Str+3
                  | SH+5} (562 gold, have 24).
   367 | D:1      | 367 ||| SHOPLISTING ring of positive energy (260 gold, have
                  | 24).
   367 | D:1      | 367 ||| SHOPLISTING ring of protection from cold (325 gold,
                  | have 24).
   367 | D:1      | 367 ||| SHOPLISTING ring of see invisible (195 gold, have
                  | 24).
   623 | D:1      | 623 ||| UPGRADING to +0 ring mail.
   633 | D:1      | 633 ||| DROPPING +0 robe.
   634 | D:1      | 634 ||| UPGRADING to +0 pair of boots.
   639 | D:1      | 639 ||| UPGRADING to +2 pair of boots.
   649 | D:1      | 649 ||| DROPPING +0 pair of boots.
   650 | D:1      | 650 ||| READING 3 scrolls labelled NEOCRUI MUUFANAE.
   651 | D:1      | 651 ||| READING 2 scrolls of identify.
   651 | D:1      | 651 ||| IDENTIFYING green potion
   652 | D:1      | 652 ||| DROPPING scroll of poison.
   693 | D:2      | Reached XP level 3. HP: 17/21 MP: 4/4
   757 | D:2      | Reached skill level 1 in Armour
   774 | D:2      | 774 ||| SWAPPING to +0 shortbow.
   777 | D:2      | 777 ||| DROPPING +1 sling.
  1379 | D:2      | 1379 ||| UPGRADING to scarf of resistance.
  1384 | D:2      | 1384 ||| DROPPING ring of flight.
  1385 | D:2      | 1385 ||| READING scroll labelled FENIYT LEGAIF.
  1415 | D:3      | Reached XP level 4. HP: 26/26 MP: 5/5
  1693 | D:3      | Reached skill level 4 in Ranged Weapons
  2373 | D:3      | 2373 ||| UPGRADING to +0 helmet.
  2378 | D:3      | 2378 ||| UPGRADING to +5 ring of evasion.
  2379 | D:3      | 2379 ||| READING scroll labelled PEAMEMA VUOR.
  2382 | D:3      | 2382 ||| DRINKING 3 fizzy blue potions.
  2383 | D:3      | 2383 ||| READING 3 scrolls of identify.
  2383 | D:3      | 2383 ||| IDENTIFYING bubbling amethyst potion
  2384 | D:3      | 2384 ||| READING 2 scrolls of identify.
  2384 | D:3      | 2384 ||| IDENTIFYING fuming cyan potion
  2385 | D:3      | 2385 ||| DROPPING potion of ambrosia.
  2490 | D:4      | Reached XP level 5. HP: 24/30 MP: 6/6
  2554 | D:4      | 2554 ||| FLEEEEING.
  2555 | D:4      | 2555 ||| FLEEEEING.
  2600 | D:4      | Found a glowing silver altar of Zin.
  2691 | D:4      | Noticed a black bear
  2706 | D:4      | Killed a black bear
  2707 | D:4      | Reached skill level 5 in Ranged Weapons
  2827 | D:4      | Reached XP level 6. HP: 36/36 MP: 7/7
  2946 | D:4      | Found a broken altar of Ashenzari.
  2947 | D:4      | 2947 ||| READING scroll labelled TAJUVU CIOFO.
  2948 | D:4      | 2948 ||| READING scroll labelled ECISMU JAWKIVA.
  2999 | D:4      | HP: 8/36 [gnoll bouda/+0 club (4)]
  3000 | D:4      | 3000 ||| DRINKING potion of heal wounds.
  3003 | D:4      | Reached skill level 3 in Fighting
  3054 | D:4      | Reached skill level 6 in Ranged Weapons
  3330 | D:4      | Reached XP level 7. HP: 42/42 MP: 8/8
  3404 | D:4      | 3404 ||| UPGRADING to ring of positive energy.
  3405 | D:4      | 3405 ||| READING scroll labelled LACVUS AWIDDE.
  3406 | D:4      | 3406 ||| READING 2 scrolls of identify.
  3406 | D:4      | 3406 ||| IDENTIFYING lumpy brown potion
  3407 | D:4      | 3407 ||| DROPPING potion of magic.
  3411 | D:5      | Entered Level 5 of the Dungeon
  3411 | D:5      | Noticed qw's ghost (novice DEHu)
  3411 | D:5      | Found a runed translucent door.
  3536 | D:5      | Noticed a wyvern
  3554 | D:5      | HP: 10/43 [wyvern (6)]
  3556 | D:5      | Killed a wyvern
  3557 | D:5      | Reached skill level 7 in Ranged Weapons
  4051 | D:5      | Reached XP level 8. HP: 27/48 MP: 9/9
  4141 | D:5      | Reached skill level 8 in Ranged Weapons
  4158 | D:5      | Found a staircase to the Ecumenical Temple.
  4159 | D:5      | 4159 ||| PLANNING TEMPLE
  4159 | D:5      | 4159 ||| READING scroll labelled FISUMAS RURANU.
  4160 | D:5      | 4160 ||| DRINKING 2 cyan potions.
  4161 | D:5      | 4161 ||| DROPPING potion of degeneration.
  4169 | Temple   | Entered the Ecumenical Temple
  4169 | Temple   | Found a transporter.
  4169 | Temple   | Found a transporter.
  4171 | Temple   | Found a transporter.
  4171 | Temple   | Found a transporter.
  4181 | Temple   | 4181 ||| PLANNING D:1-11
  4196 | Temple   | 4196 ||| PLANNING OKAWARU WORSHIP
  4199 | Temple   | Became a worshipper of Warmaster Okawaru
  4200 | Temple   | 4200 ||| PLANNING D:1-11
  4614 | D:6      | 4614 ||| PLANNING SEWER
  4619 | D:6      | 4619 ||| STAIRDANCE
  4719 | D:6      | Noticed Eustachio
  4727 | D:6      | 4727 ||| Stepping ~*~*~tactically~*~*~ (outnumbered).
  4737 | D:6      | 4737 ||| Stepping ~*~*~tactically~*~*~ (outnumbered).
  4791 | D:6      | Killed Eustachio
  4873 | D:6      | Noticed Menkaure
  4876 | D:6      | 4876 ||| Stepping ~*~*~tactically~*~*~ (outnumbered).
  4878 | D:6      | 4878 ||| Stepping ~*~*~tactically~*~*~ (outnumbered).
  4889 | D:6      | HP: 11/49 [Menkaure (11)]
  4895 | D:6      | Killed Menkaure
  4895 | D:6      | Reached * piety under Okawaru
  4896 | D:6      | Reached skill level 9 in Ranged Weapons
  4896 | D:6      | 4896 ||| INVOKING Heroism.
  5279 | D:6      | 5279 ||| RIP SEWER
  5291 | D:6      | 5291 ||| PLANNING D:1-11
  5291 | D:6      | 5291 ||| DRINKING 2 emerald potions.
  5291 | D:6      | Gained mutation: You are frail. (-10% HP) [potion of
                  | mutation]
  5291 | D:6      | Gained mutation: Your muscles are strong. (Str +4, Int/Dex
                  | -1) [potion of mutation]
  5292 | D:6      | 5292 ||| DRINKING potion of mutation.
  5292 | D:6      | Lost mutation: You are frail. (-10% HP) [potion of
                  | mutation]
  5292 | D:6      | Lost mutation: Your muscles are strong. (Str +4, Int/Dex
                  | -1) [potion of mutation]
  5292 | D:6      | Gained mutation: Armour fits poorly on your strangely
                  | shaped body. [potion of mutation]
  5292 | D:6      | Gained mutation: You are robust. (+10% HP) [potion of
                  | mutation]
  5292 | D:6      | Gained mutation: You are very robust. (+20% HP) [potion of
                  | mutation]
  5339 | D:6      | 5339 ||| READING 2 scrolls of identify.
  5339 | D:6      | 5339 ||| IDENTIFYING golden potion
  5340 | D:6      | 5340 ||| DROPPING potion of attraction.
  5344 | D:6      | 5344 ||| STAIRDANCE
  5348 | D:5      | Found an opulent altar of Gozag.
  5385 | D:6      | Noticed Maggie
  5408 | D:6      | HP: 5/60 [Maggie/+0 morningstar of flaming (13)]
  5414 | D:6      | HP: 1/60 [worm (5)]
  5416 | D:6      | Killed from afar by Maggie

Levels and vault maps discovered:
D:1:      scummos_arrival_forest, layout_basic, serial_shops,
          nicolae_shop_gaudy_bauble
D:2:      layout_basic, nicolae_houndstooth_variations
D:3:      layout_basic, minmay_goblin_outpost
D:4:      layout_cave_pods, jmf_multi_god_temple, palyth_stone_intersect
D:5:      layout_basic, nicolae_overflow_hidden_temple,
          minmay_temple_entry_metal_lava, hellmonk_ghost_happy_afterlife,
          kennysheep_flooded_box, minmay_misc_feat_diagonals
D:6:      layout_basic, lightli_sewer_entry_pipes, uniq_menkaure,
          uniq_eustachio, uniq_maggie
Temple:   hellmonk_temple_divided_pantheon

Skill      XL: |  1  2  3  4  5  6  7  8 |
---------------+-------------------------+-----
Ranged Weapons | 3 4 5 6 7 9 |  9.0
Fighting       | 2 3 4 5 |  5.4
Armour         | 1 2 |  2.6
Dodging        | |  1.5
Spellcasting   | |  1.0
Hexes          | |  2.6

Action                     |  1- 3 |  4- 6 |  7- 9 || total
---------------------------+-------+-------+-------++-------
   Fire: Sling             |    72 |       |       ||    72
         Shortbow          |    51 |   241 |   388 ||   680
 Invoke: Heroism           |       |       |     1 ||     1
    Use: Scroll            |     3 |     5 |     4 ||    12
         Potion            |       |     2 |     3 ||     5
 Armour: Robe              |     2 |       |       ||     2
         Ring mail         |    19 |   102 |   102 ||   223
  Dodge: Dodged            |    32 |   183 |   307 ||   522

Table legend:
 A = Non-vault XP
 B = Vault XP
 C = Vault XP percentage of total XP
 D = Non-vault monster count
 E = Vault monster count
 F = Vault count percentage of total count
                 A         B        C        D         E       F
            +---------+---------+-------+---------+---------+-------
      Total |    1612 |     427 |  20.9 |     108 |      10 |   8.5
            +---------+---------+-------+---------+---------+-------
        D:1 |      27 |       0 |   0.0 |      15 |       0 |   0.0
        D:2 |      50 |       0 |   0.0 |      19 |       0 |   0.0
        D:3 |      60 |      12 |  16.7 |      20 |       6 |  23.1
        D:4 |     454 |      43 |   8.7 |      20 |       2 |   9.1
        D:5 |     757 |       0 |   0.0 |      19 |       0 |   0.0
        D:6 |     264 |     372 |  58.5 |      15 |       2 |  11.8
            +---------+---------+-------+---------+---------+-------
